 Dungeon Crawl Stone Soup version 0.31-a0-819-gf6de2f5ab6 (webtiles) character file.

Game seed: 1489848715788543114

48 qw the Shooter (level 3, -1/22 HPs)
             Began as a Gargoyle Hunter on Sept 23, 2023.
             Slain by a worm (4 damage)
             ... on level 2 of the Dungeon.
             The game lasted 00:00:30 (1352 turns).

qw the Shooter (Gargoyle Hunter)                    Turns: 1352, Time: 00:00:30

Health: -1/22      AC:  8    Str: 14    XL:     3   Next: 72%
Magic:  3/3        EV: 10    Int:  9    God:
Gold:   11         SH:  0    Dex: 15    Spells: 2/2 levels left

rFire   . . .        Y - +0 shortbow
rCold   . . .        (shield currently unavailable)
rNeg    + . .        a - +0 ring mail
rPois   inf          (no helmet)
rElec   +            (no cloak)
rCorr   .            (no gloves)
SInv    .            (no boots)
Will    .....        (no amulet)
Stlth   +            (no ring)
HPRegen 0.23/turn    (no ring)
MPRegen 0.08/turn

%: no passive effects
@: about to teleport
A: sickness immunity, AC +3, negative energy resistance 1, electricity
resistance, torment resistance 1, petrification resistance
a: no special abilities


You were on level 2 of the Dungeon.
You visited 1 branch of the dungeon, and saw 2 of its levels.

You collected 81 gold pieces.
You spent 70 gold pieces at shops.


Innate Abilities, Weirdness & Mutations

You are immune to sickness and miasma.
Your stone body is resilient. (AC +3)
You are immune to poison.
You resist negative energy. (rN+)
You are resistant to electric shocks. (rElec)
You are resistant to unholy torment.
You are immune to petrification.


   Skills:
 + Level 2.3 Fighting
 - Level 5.0 Ranged Weapons
 - Level 1.0 Armour
 - Level 1.5 Dodging
 - Level 1.1 Stealth


You had 2 spell levels left.
You didn't know any spells.
Your spell library was empty.

Inventory:

Hand Weapons
 Y - a +0 shortbow (weapon)
Armour
 a - a +0 ring mail (worn)
Scrolls
 b - 2 scrolls of identify

Dungeon Overview and Level Annotations

Branches:
Dungeon (2/15)

Altars:
Zin

Shops:
D:2 ?

Annotations:
D:1 exclusion: 5 kobolds


Message History

You shoot an arrow. The arrow hits the frilled lizard.
You kill the frilled lizard!
A frilled lizard comes into view.
Found a stone staircase leading down.
The frilled lizard hisses angrily.
You shoot an arrow. The arrow hits the frilled lizard!
You kill the frilled lizard!
You see here a frilled lizard corpse.
A worm comes into view.
You shoot an arrow.
The arrow hits the worm but does no damage.
You shoot an arrow. The arrow hits the worm.
The worm is lightly wounded.
You shoot an arrow.
The arrow hits the worm but does no damage.
The worm is lightly wounded.
You shoot an arrow. The arrow hits the worm.
The worm is lightly wounded.
You shoot an arrow. The arrow hits the worm.
The worm is moderately wounded.
You shoot an arrow.
The arrow hits the worm but does no damage.
The worm is moderately wounded.
You shoot an arrow. The arrow hits the worm!
The worm is severely wounded.
You shoot an arrow. The arrow hits the worm.
The worm is severely wounded.
The worm bites you!
You shoot an arrow. The arrow barely misses the worm.
The worm bites you.
You shoot an arrow. The arrow hits the worm.
The worm is severely wounded.
The worm bites you!
1351 ||| READING scroll of teleportation.
As you read the scroll of teleportation, it crumbles to dust.
You feel strangely unstable.
You shoot an arrow. The arrow hits the worm.
The worm is severely wounded.
The worm bites you.
You die...

# ... + #.. # #..
#.# #.# #.# #+#
#w# #.# #@#
#######.## #.#
#.>......# #.#
#.####...####
#.####.###........
#.......%.#....###
######.##.##...##.
#.##.........
#.######.....
#........####


You could see a worm.

Vanquished Creatures
  An adder (D:2)
  A worm (D:2)
  A dart slug (D:1)
  4 ball pythons
  8 endoplasms
  A giant cockroach (D:2)
  2 goblins
  2 hobgoblins (D:1)
  A quokka (D:1)
  A bat (D:2)
  7 frilled lizards (D:2)
  A kobold (D:1)
  3 rats
33 creatures vanquished.

Notes
Turn   | Place    | Note
-------+----------+-------------------------------------------
     0 | D:1      | qw the Gargoyle Hunter began the quest for the Orb.
     0 | D:1      | Reached XP level 1. HP: 12/12 MP: 1/1
     0 | D:1      | 0 ||| qw: Version: 0.3-a-83-gcd0e7d8
     0 | D:1      | 0 ||| qw: Game counter: 1466
     0 | D:1      | 0 ||| qw: Melee chars always use a shield: true
     0 | D:1      | 0 ||| qw: God list: Okawaru
     0 | D:1      | 0 ||| qw: Allow faded altars: false
     0 | D:1      | 0 ||| qw: Do Orc after clearing Dungeon:15 true
     0 | D:1      | 0 ||| qw: Do second Lair branch before Depths: true
     0 | D:1      | 0 ||| qw: Lair rune preference: random
     0 | D:1      | 0 ||| qw: Goals: Normal
     0 | D:1      | 0 ||| PLANNING D:1-11
   130 | D:1      | Reached XP level 2. HP: 17/17 MP: 2/2
   180 | D:1      | Found a faded altar of an unknown god.
   187 | D:1      | 187 ||| Stepping ~*~*~tactically~*~*~ (water).
   206 | D:1      | 206 ||| Stepping ~*~*~tactically~*~*~ (water).
   219 | D:1      | 219 ||| READING scroll labelled ZODOLL HAEGOC.
   694 | D:1      | 694 ||| UPGRADING to +0 ring mail.
   704 | D:1      | 704 ||| DROPPING +0 leather armour.
   705 | D:1      | 705 ||| READING scroll labelled WEDDEVULIS.
   709 | D:1      | 709 ||| READING 2 scrolls labelled APHUOLEIXT.
   710 | D:1      | 710 ||| READING scroll labelled XAUFETT ITONO.
   711 | D:1      | 711 ||| READING scroll labelled KENUOKIZOSH.
   712 | D:1      | 712 ||| DROPPING scroll of butterflies.
   713 | D:1      | 713 ||| DROPPING scroll of vulnerability.
   736 | D:2      | Found a glowing silver altar of Zin.
   879 | D:2      | Reached skill level 1 in Armour
   879 | D:2      | Reached XP level 3. HP: 21/21 MP: 3/3
   918 | D:2      | Identified the +4 scale mail "Tainari" {rCorr Str+4}
  1058 | D:2      | Found Foin Nu Jon's Magic Scroll Boutique.
  1067 | D:2      | 1067 ||| SHOPLISTING scroll of enchant weapon (75 gold,
                  | have 72).
  1067 | D:2      | 1067 ||| BUYING scroll of identify (20 gold).
  1067 | D:2      | Bought a scroll of identify for 20 gold pieces
  1067 | D:2      | 1067 ||| BUYING scroll of identify (20 gold).
  1067 | D:2      | Bought a scroll of identify for 20 gold pieces
  1067 | D:2      | 1067 ||| BUYING scroll of teleportation (30 gold).
  1067 | D:2      | Bought a scroll of teleportation for 30 gold pieces
  1181 | D:2      | Reached skill level 5 in Ranged Weapons
  1350 | D:2      | HP: 2/22 [worm (8)]
  1351 | D:2      | 1351 ||| READING scroll of teleportation.
  1352 | D:2      | Slain by a worm

Levels and vault maps discovered:
D:1:      shiori_arrival_elements, layout_loops_ring,
          chequers_ecumenical_altar_island
D:2:      layout_loops_corners, serial_rivers, chequers_serial_rivers_micro_e,
          chequers_serial_rivers_room_a, chequers_serial_rivers_micro_b,
          chequers_serial_rivers_micro_c, chequers_serial_rivers_micro_e,
          chequers_serial_rivers_micro_d, serial_shops, shop, basic_altar

Skill      XL: |  1  2  3 |
---------------+----------+-----
Armour         | 1 |  1.0
Ranged Weapons | 5 |  5.0
Fighting       | |  2.3
Dodging        | |  1.5
Stealth        | |  1.1

Action                     || total
---------------------------++-------
   Fire: Shortbow          ||   107
    Use: Scroll            ||     6
 Armour: Leather armour    ||    12
         Ring mail         ||    18
  Dodge: Dodged            ||    11

Table legend:
 A = Non-vault XP
 B = Vault XP
 C = Vault XP percentage of total XP
 D = Non-vault monster count
 E = Vault monster count
 F = Vault count percentage of total count
                 A         B        C        D         E       F
            +---------+---------+-------+---------+---------+-------
      Total |      69 |       0 |   0.0 |      33 |       0 |   0.0
            +---------+---------+-------+---------+---------+-------
        D:1 |      28 |       0 |   0.0 |      15 |       0 |   0.0
        D:2 |      41 |       0 |   0.0 |      18 |       0 |   0.0
            +---------+---------+-------+---------+---------+-------
